Map: Ulrena

Players

OwNaGe

  • Race: Protoss Protoss
  • League: Platinum

LindyHop - Winner!

  • Race: Zerg Zerg
  • League: Platinum

VOD

Have the link to the VOD?

Description

Time

  • Played on: Dec. 16, 2015, 7:57 p.m.
  • Length: 9:26
Show
View Real Time Build Order
Export as new Build Order

OwNaGe Protoss 

Build Orders:  

Get SALT Encoding   

  12  0:01  Probe (Chrono Boost)  
  13  0:11  Probe (Chrono Boost)  
  14  0:19  Pylon  
  14  0:22  Probe (Chrono Boost)  
  15  0:37  Probe (Chrono Boost)  
  16  0:48  Probe (Chrono Boost)  
  17  1:06  Nexus  
  17  1:12  Gateway  
  17  1:18  Assimilator  
  17  1:20  Probe (Chrono Boost)  
  18  1:31  Probe (Chrono Boost)  
  19  1:33  Assimilator  
  19  1:41  Probe (Chrono Boost)  
  20  1:49  Gateway  
  20  1:54  Gateway  
  20  1:57  Probe (Chrono Boost)  
  21  2:04  Cybernetics Core  
  21  2:07  Probe (Chrono Boost)  
  22  2:18  Probe (Chrono Boost)  
  22  2:20  Probe (Chrono Boost)  
  24  2:24  Pylon  
  24  2:28  Probe (Chrono Boost)  
  25  2:34  Probe (Chrono Boost)  
  26  2:41  Probe (Chrono Boost)  
  26  2:42  Adept  
  26  2:43  Adept  
  31  2:44  Probe (Chrono Boost)  
  31  2:46  Warp Gate  
  33  2:51  Probe (Chrono Boost)  
  33  2:57  Twilight Council  
  33  3:02  Probe (Chrono Boost)  
  33  3:03  Probe (Chrono Boost)  
  35  3:09  Adept  
  35  3:11  Adept  
  39  3:18  Probe (Chrono Boost)  
  41  3:22  Mothership Core (Chrono Boost)  
  42  3:28  Probe (Chrono Boost)  
  42  3:33  Robotics Facility  
  43  3:39  Probe (Chrono Boost)  
  43  3:41  Probe (Chrono Boost)  
  38  4:04  Pylon  
  38  4:09  Probe x2 (Chrono Boost)  
  29  4:19  Probe (Chrono Boost), Adept x2  
  29  4:20  Probe (Chrono Boost)  
  35  4:30  Probe (Chrono Boost)  
  34  4:31  Probe (Chrono Boost)  
  34  4:36  Pylon  
  34  4:37  Warp Prism  
  34  4:38  Pylon  
  36  4:40  Probe (Chrono Boost)  
  36  4:42  Probe (Chrono Boost)  
  36  4:51  Probe (Chrono Boost)  
  36  4:52  Probe (Chrono Boost)  
  35  4:53  Charge  
  35  5:06  Probe x2 (Chrono Boost)  
  33  5:10  Adept  
  33  5:11  Adept  
  37  5:31  Probe (Chrono Boost)  
  37  5:34  Pylon  
  38  5:40  Pylon  
  38  5:42  Probe (Chrono Boost)  
  37  5:53  Zealot x2  
  37  5:54  Probe x2 (Chrono Boost)  
  43  6:03  Pylon  
  43  6:05  Probe x2 (Chrono Boost)  
  43  6:06  Immortal  
  49  6:14  Adept  
  49  6:15  Probe x2 (Chrono Boost)  
  53  6:20  Pylon  
  53  6:22  Assimilator  
  53  6:33  Zealot  
  53  6:34  Zealot  
  57  6:41  Probe x2 (Chrono Boost)  
  57  6:45  Immortal  
  63  6:51  Probe (Chrono Boost)  
  63  6:52  Probe (Chrono Boost)  
  63  6:54  Zealot  
  63  6:55  Zealot  
  63  6:59  Gateway  
  63  7:00  Pylon  
  67  7:04  Gateway  
  67  7:09  Pylon  
  67  7:18  Gateway  
  67  7:20  Gateway  
  67  7:21  Zealot  
  69  7:24  Zealot  
  71  8:03  Stalker x3  
  68  8:15  Stalker x2  
Show
View Real Time Build Order
Export as new Build Order

LindyHop Zerg - Winner!

Build Orders: Hatch First 

Get SALT Encoding   

  12  0:01  Drone  
  13  0:12  Overlord  
  13  0:17  Drone  
  14  0:30  Drone x2  
  16  0:35  Drone  
  17  0:55  Hatchery  
  16  0:57  Drone  
  16  1:00  Drone  
  18  1:05  Extractor  
  18  1:06  Drone  
  18  1:25  Spawning Pool  
  17  1:30  Drone  
  18  1:38  Drone  
  18  1:39  Overlord  
  19  2:11  Metabolic Boost  
  19  2:12  Queen  
  19  2:13  Queen  
  19  2:15  Zergling x4  
  25  2:29  Baneling Nest, Zergling x2  
  26  2:30  Zergling x2  
  26  2:33  Overlord  
  26  2:44  Zergling x4  
  26  2:45  Zergling x2  
  29  2:55  Zergling x6  
  32  3:04  Zergling x2  
  33  3:05  Overlord  
  33  3:15  Baneling x5  
  34  3:20  Zergling x2  
  34  3:32  Zergling x8  
  38  3:37  Zergling x2  
  38  3:38  Zergling x2  
  35  3:56  Zergling x2  
  35  3:57  Zergling x8  
  35  4:00  Zergling x2  
  40  4:06  Zergling x4  
  41  4:15  Zergling x2  
  41  4:16  Drone  
  40  4:19  Drone  
  40  4:20  Drone  
  41  4:25  Drone  
  41  4:27  Drone  
  42  4:32  Drone  
  42  4:36  Drone  
  44  4:44  Drone x3  
  46  4:56  Drone x2  
  45  5:02  Drone  
  45  5:04  Drone  
  45  5:11  Lair, Extractor  
  44  5:15  Roach Warren  
  44  5:18  Spine Crawler  
  44  5:19  Drone x2  
  44  5:24  Drone  
  43  5:29  Drone  
  41  5:41  Drone x5  
  45  5:48  Drone x3  
  48  5:54  Drone x2  
  50  6:02  Extractor  
  49  6:04  Extractor  
  48  6:18  Spire  
  47  6:32  Roach x2  
  51  6:33  Overlord x3  
  51  6:46  Drone  
  51  6:57  Hatchery  
  51  6:59  Overseer  
  50  7:02  Overseer  
  50  7:05  Overlord x3  
  50  7:30  Mutalisk x7  
  50  7:31  Mutalisk  
  66  7:37  Drone x2  
  66  7:38  Drone x3  
  71  7:45  Extractor  
  71  7:46  Extractor  
  69  7:53  Roach x5  
  78  7:59  Roach  
  78  8:00  Roach x2  
  78  8:02  Roach  
  82  8:12  Zergling x2  
  73  8:13  Zergling x4  
  73  8:18  Zergling x2  
  72  8:23  Zergling x2  
  72  8:25  Zergling x2  
  64  8:27  Zergling x2  
  64  8:28  Zergling x2  
  64  8:31  Drone x2  
  64  8:33  Drone  
  67  8:34  Drone  
  67  8:49  Mutalisk  
  67  8:50  Mutalisk x2  
  72  8:59  Drone x3  
Tags
 
Add a new tag
Caveats
  • Supply blocks, unpowered buildings, or Contaminate may cause inaccurate times.
  • Supply counts are checked every 10 seconds.